 Dungeon Crawl Stone Soup version 0.32-a0-132-g2d33c3cfaf (webtiles) character file.

Game seed: 10320885930573781682

23 Azdean the Vexing (level 2, -3/17 HPs)
             Began as a Vampire Enchanter on Feb 9, 2024.
             Slain by a kobold
             ... wielding a +0 whip
              (5 damage)
             ... on level 2 of the Dungeon.
             The game lasted 00:06:29 (900 turns).

Azdean the Vexing (Vampire Enchanter)                Turns: 900, Time: 00:06:30

Health: -3/17      AC:  3    Str:  7    XL:     2   Next: 75%
Magic:  2/5        EV: 12    Int: 17    God:
Gold:   51         SH:  0    Dex: 14    Spells: 3/5 levels left

rFire   . . .        i - +0 rapier
rCold   . . .        (no shield)
rNeg    . . .        b - +0 robe
rPois   .            (no helmet)
rElec   .            (no cloak)
rCorr   .            f - +0 pair of gloves
SInv    +            (no boots)
Will    .....        (no amulet)
Stlth   +++          (no ring)
HPRegen 0.42/turn    (no ring)
MPRegen 0.09/turn

%: no passive effects
@: healing quickly, invisible
A: alive, fangs 3, see invisible, vampiric 1, [frail 1]
a: Exsanguinate


You were on level 2 of the Dungeon.
You visited 1 branch of the dungeon, and saw 2 of its levels.

You collected 51 gold pieces.

Inventory:

Hand Weapons
 a - a +1 dagger
 i - a +0 rapier (weapon)
Armour
 b - a +0 robe (worn)
 f - a +0 pair of gloves (worn)
Scrolls
 d - a scroll of poison {unknown}
 e - a scroll of enchant weapon {unknown}
Potions
 c - a potion of invisibility
 g - a potion of brilliance {unknown}
 h - a potion of attraction {unknown}


   Skills:
 * Level 2.0 Short Blades
 - Level 2.2 Dodging
 - Level 4.5 Stealth
 + Level 2.2 Spellcasting
 * Level 5.0 Hexes


You had 3 spell levels left.
You knew the following spells:

 Your Spells              Type           Power      Damage    Failure   Level
a - Ensorcelled Hibernat  Hex/Ice        20%        N/A       11%         2

Your spell library contained the following spells:

 Spells                   Type           Power      Damage    Failure   Level
 Confusing Touch          Hex            19%        N/A       7%          3
 Tukima's Dance           Hex            19%        N/A       7%          3
 Dazzling Flash           Conj/Hex       20%        N/A       21%         3


Dungeon Overview and Level Annotations

Branches:
Dungeon (2/15)

Altars:


Innate Abilities, Weirdness & Mutations

Your natural rate of healing is accelerated.
You have razor-sharp teeth.
You have supernaturally acute eyesight. (SInv)
You are afflicted with vampirism.
[You are frail. (-10% HP)]


Message History

You bite the adder, and draw its blood!
You feel better.
You puncture the adder! Your bite misses the adder.
The adder is severely wounded.
The adder bites you. The kobold hits you with a +0 whip.
Casting: Ensorcelled Hibernation (safe; 11% risk of failure)
Confirm with . or Enter, or press ? or * to list all spells.
Aiming: Ensorcelled Hibernation (safe; 11% risk of failure)
Press: ? - help, Shift-Dir - straight line, f - kobold, p - adder
Aim: a kobold, wielding a +0 whip and quivering stones (chance to affect: 62%)
The kobold resists with significant effort.
The adder bites you but does no damage. The kobold hits you with a +0 whip.
The adder bites you but does no damage.
Casting: Ensorcelled Hibernation (safe; 11% risk of failure)
Confirm with . or Enter, or press ? or * to list all spells.
You don't have enough magic to cast this spell.
You closely miss the adder.
The adder is severely wounded.
The kobold barely misses you. The adder bites you.
* * * LOW HITPOINT WARNING * * *
The adder closely misses you. The kobold barely misses you.
You begin the revivification ritual.
You continue your ritual.
The adder closely misses you. The kobold closely misses you.
The adder bites you but does no damage.
You continue your ritual.
The kobold barely misses you. The adder bites you but does no damage.
You continue your ritual.
The kobold barely misses you. The adder barely misses you.
You continue your ritual.
The adder closely misses you. The kobold barely misses you.
The adder completely misses you.
You continue your ritual.
The kobold closely misses you. The adder bites you.
* * * LOW HITPOINT WARNING * * *
You return to life.
You feel frail.
Unknown command.
You fade into invisibility!
The kobold closely misses you. The adder barely misses you.
The adder closely misses you. The kobold hits you with a +0 whip.
You die...

................>
.......†..#####
#.#.#####.....#
#...........#
..#####.....#
............# #
#.##........##...
#.#..K........
...#.JS@).##. ##.
#.###### . #. #.
#. ##


You could see an adder (unable to see you), an endoplasm and a kobold (unable to
see you).

Vanquished Creatures
  2 dart slugs (D:1)
  3 ball pythons
  2 endoplasms (D:1)
  4 hobgoblins (D:1)
  2 kobolds
  2 bats (D:1)
  3 rats (D:1)
18 creatures vanquished.

Notes
Turn   | Place    | Note
-------+----------+-------------------------------------------
     0 | D:1      | Azdean the Vampire Enchanter began the quest for the Orb.
     0 | D:1      | Reached XP level 1. HP: 13/13 MP: 3/3
    88 | D:1      | Reached XP level 2. HP: 6/15 MP: 5/5
    91 | D:1      | Learned a level 2 spell: Ensorcelled Hibernation
   485 | D:1      | Reached skill level 5 in Hexes
   900 | D:2      | Slain by a kobold

Illustrated notes

Levels and vault maps discovered:
D:1:      wander_arrival_peaceful_grave, layout_loops_cross
D:2:      layout_basic, basic_altar, uniq_natasha, uniq_jessica

Skill      XL: |  1  2 |
---------------+-------+-----
Hexes          | 5 |  5.0
Short Blades   | 2 |  2.0
Dodging        | |  2.2
Stealth        | |  4.5
Spellcasting   | |  2.2

Action                     || total
---------------------------++-------
  Melee: Dagger            ||    37
         Bite              ||     4
         Rapier            ||     6
   Cast: Ensorcelled Hiber ||     5
Ability: Exsanguinate      ||     1
         Revivify          ||     1
    Use: Potion            ||     1
   Stab: Sleeping          ||     8
 Armour: Robe              ||    29
  Dodge: Dodged            ||    44

Table legend: (Time is in decaauts)
 A = Elapsed time spent in this place.
 B = Non-inter-level travel time spent in this place.
 C = Inter-level travel time spent in this place.
 D = Time resting spent in this place.
 E = Time spent auto-exploring this place.
 F = Levels seen in this place.
 G = Mean time per level.
                   A        B        C        D        E       F      G
               +--------+--------+--------+--------+--------+-----+--------+
         Total |    895 |    777 |    118 |      0 |    534 |   2 |  447.5 |
       Dungeon |    895 |    777 |    118 |      0 |    534 |   2 |  447.5 |
               +--------+--------+--------+--------+--------+-----+--------+

Top non-repeatable levels by time:
     D:1: 867 daAuts
     D:2: 28 daAuts
